Workbook

Sheet функ 6
D2: Приложение 6
B3: к Проекту решения Совета депутатов Большеигнатовского муниципального района Республики Мордовия | C3: к решению Совета депутатов
B4: Большеигнатовского муниципального района
D5: Республики Мордовия
B6: «О бюджете Большеигнатовского муниципального района
A7: Республики Мордовия на 2021 год и плановый период 2022 и 2023 годов"
G9: от 02.11.2021 г № 24
A10: Распределение бюджетных ассигнований бюджета Большеигнатовского муниципального района по разделам, подразделам, целевым статьям (муниципальным программам и непрограммным направлениям деятельности), группам (группам и подгруппам) видов расходов классификации расходов бюджета Большеигнатовского муниципального района на 2021 год и на плановый период 2022 и 2023 годов
A11: тыс.руб.
A12: Наименование | B12: РЗ | C12: ПРЗ | D12: ЦСР | H12: ВР | I12: 2021 год | K12: 2022 год | L12: 2023 год
A13: 1 | B13: 2 | C13: 3 | D13: 4 | H13: 5 | I13: 6 | K13: 7 | L13: 8
A14: Всего | I14: =I15+I248+I280+I351+I415+I492+I547+I592+I601+I608+I616+I631+78 -> 254264.01 | J14: =J15+J248+J280+J351+J415+J492+J547+J592+J601+J608+J616+J631 -> #REF! | K14: =K15+K248+K280+K351+K415+K492+K547+K592+K601+K608+K616+K631 -> 121659.6 | L14: =L15+L248+L280+L351+L415+L492+L547+L592+L601+L608+L616+L631 -> 101151.6
A15: Общегосударственные вопросы | B15: 01 | I15: =I16+I24+I126+I132+I171+I177+I157 -> 24933.7 | J15: =J16+J24+J126+J132+J171+J177+J157 -> #REF! | K15: =K16+K24+K126+K132+K171+K177+K157 -> 18313.8 | L15: =L16+L24+L126+L132+L171+L177+L157 -> 20004.7
A16: Функционирование высшего должностного лица субъекта Российской Федерации и муниципального образования | B16: 01 | C16: 02 | I16: =I18 -> 1064.3 | J16: =J18 -> 1219.3 | K16: =K18 -> 1219.3 | L16: =L18 -> 1219.3
A17: Обеспечение деятельности Администрации Большеигнатовского муниципального района Республики Мордовия | B17: 01 | C17: 02 | D17: 65 0 | I17: =I18 -> 1064.3 | J17: =J18 -> 1219.3 | K17: =K18 -> 1219.3 | L17: =L18 -> 1219.3
A18: Глава Большеигнатовского муниципального района | B18: 01 | C18: 02 | D18: 65 1 00 | I18: =I19 -> 1064.3 | J18: =J19 -> 1219.3 | K18: =K19 -> 1219.3 | L18: =L19 -> 1219.3
A19: Расходы на выплаты по оплате труда высшего должностного лица | B19: 01 | C19: 02 | D19: 65 1 00 41150 | I19: =I20 -> 1064.3 | J19: =J20 -> 1219.3 | K19: =K20 -> 1219.3 | L19: =L20 -> 1219.3
A20: Расходы на выплаты персоналу в целях обеспечения выполнения функций государственными (муниципальными) органами, казенными учреждениями, органами управления государственными внебюджетными фондами | B20: 01 | C20: 02 | D20: 65 1 00 41150 | H20: 100 | I20: =I21 -> 1064.3 | J20: =J21 -> 1219.3 | K20: =K21 -> 1219.3 | L20: =L21 -> 1219.3
A21: Расходы на выплаты персоналу государственных (муниципальных) органов | B21: 01 | C21: 02 | D21: 65 1 00 41150 | H21: 120 | I21: =I22+I23 -> 1064.3 | J21: =J22+J23 -> 1219.3 | K21: =K22+K23 -> 1219.3 | L21: =L22+L23 -> 1219.3
A22: Фонд оплаты труда государственных (муниципальных) органов | B22: 01 | C22: 02 | D22: 65 1 00 41150 | H22: 121 | I22: =924.6+12-150-5 -> 781.6 | J22: 936.6 | K22: =924.6+12 -> 936.6 | L22: 936.6
A23: Взносы по обязательному социальному страхованию на выплаты денежного содержания и иные выплаты работникам государственных (муниципальных) органов | B23: 01 | C23: 02 | D23: 65 1 00 41150 | H23: 129 | I23: =279.2+3.5 -> 282.7 | J23: 282.7 | K23: =279.2+3.5 -> 282.7 | L23: 282.7
A24: Функционирование Правительства Российской Федерации, высших органов исполнительной власти субъектов Российской Федерации, местных администраций | B24: 01 | C24: 04 | I24: =I25+I31++I45+I64+I78+I101+I39 -> 11662.9 | J24: =J25+J31++J45+J64+J78+J101 -> #REF! | K24: =K25+K31++K45+K64+K78+K101 -> 6896.6 | L24: =L25+L31++L45+L64+L78+L101 -> 8510.2
A25: Муниципальная программа «Развитие муниципальной службы в Большеигнатовском муниципальном районе(2015-2024 годы)» | B25: 01 | C25: 04 | D25: 01 | I25: =I26 -> 28 | J25: =J26 -> 0 | K25: =K26 -> 28 | L25: =L26 -> 28
A26: Основное мероприятие "Повышение квалификации муниципальных служащих" | B26: 01 | C26: 04 | D26: 01 0 01 | I26: =I27 -> 28 | J26: =J27 -> 0 | K26: =K27 -> 28 | L26: =L27 -> 28
A27: Подготовка, переподготовка и повышение квалификации кадров | B27: 01 | C27: 04 | D27: 01 0 01 41250 | I27: =I28 -> 28 | J27: =J28 -> 0 | K27: =K28 -> 28 | L27: =L28 -> 28
A28: Расходы на выплаты персоналу в целях обеспечения выполнения функций государственными (муниципальными) органами, казенными учреждениями, органами управления государственными внебюджетными фондами | B28: 01 | C28: 04 | D28: 01 0 01 41250 | H28: 100 | I28: =I29 -> 28 | J28: =J29 -> 0 | K28: =K29 -> 28 | L28: =L29 -> 28
A29: Расходы на выплаты персоналу государственных (муниципальных) органов | B29: 01 | C29: 04 | D29: 01 0 01 41250 | H29: 120 | I29: 28 | K29: 28 | L29: 28
A30: Иные выплаты персоналу государственных (муниципальных) органов, за исключением фонда оплаты труда | B30: 01 | C30: 04 | D30: 01 0 01 41250 | H30: 122 | I30: 28 | K30: 28 | L30: 28
A31: Муниципальная программа «Развитие образования в Большеигнатовском муниципальном районе Республики Мордовия на 2015-2025 годы" | B31: 01 | C31: 04 | D31: 02 0 | I31: =I32 -> 56.1 | J31: =J32 -> 56 | K31: =K32 -> 56.2 | L31: =L32 -> 56.3
A32: Подпрограмма «Обеспечение реализации муниципальной программы «Развитие образования в Большеигнатовском муниципальном районе на 2015 - 2025 годы" и прочие мероприятия в области образования | B32: 01 | C32: 04 | D32: 02 3 | I32: =I33 -> 56.1 | J32: =J33 -> 56 | K32: =K33 -> 56.2 | L32: =L33 -> 56.3
A33: Основное мероприятие «Обеспечение реализации государственных полномочий переданных органам местного самоуправления по опеке и попечительству» | B33: 01 | C33: 04 | D33: 02 3 02 | I33: =I34 -> 56.1 | J33: =J34 -> 56 | K33: =K34 -> 56.2 | L33: =L34 -> 56.3
A34: Осуществление государственных полномочий Республики Мордовия по организации и осуществлению деятельности по опеке и попечительству в отношении несовершеннолетних граждан, проживающих на территории Республики Мордовия | B34: 01 | C34: 04 | D34: 02 3 02 77550 | I34: =I35 -> 56.1 | J34: =J35 -> 56 | K34: =K35 -> 56.2 | L34: =L35 -> 56.3
A35: Расходы на выплаты персоналу в целях обеспечения выполнения функций государственными (муниципальными) органами, казенными учреждениями, органами управления государственными внебюджетными фондами | B35: 01 | C35: 04 | D35: 02 3 02 77550 | H35: 100 | I35: =I36 -> 56.1 | J35: =J36 -> 56 | K35: =K36 -> 56.2 | L35: =L36 -> 56.3
A36: Расходы на выплаты персоналу государственных (муниципальных) органов | B36: 01 | C36: 04 | D36: 02 3 02 77550 | H36: 120 | I36: 56.1 | J36: 56 | K36: 56.2 | L36: 56.3
A37: Фонд оплаты труда государственных (муниципальных) органов | B37: 01 | C37: 04 | D37: 02 3 02 77550 | H37: 121 | I37: 42.8 | K37: 42.9 | L37: 43
A38: Взносы по обязательному социальному страхованию на выплаты денежного содержания и иные выплаты работникам государственных (муниципальных) органов | B38: 01 | C38: 04 | D38: 02 3 02 77550 | H38: 129 | I38: 13 | K38: 13 | L38: 13
A39: Муниципальная программа "Жилище" на 2015-2023 годы по Большеигнатовскому муниципальному району Республики Мордовия | B39: 01 | C39: 04 | D39: 04 0 | I39: =I40 -> 10.7 | K39: 0 | L39: 0
A40: Подпрограмма «Обеспечение детей-сирот и детей, оставшихся без попечения родителей, лиц из числа детей-сирот и детей, оставшихся без попечения родителей, жилыми помещениями специализированного жилищного фонда» | B40: 01 | C40: 04 | D40: 04 3 00 | I40: =I41 -> 10.7 | K40: 0 | L40: 0
A41: Основное мероприятие "Обеспечение жильем детей- сирот, оставшихся без попечения родителей, лиц из числа детей-сирот и детей, оставшихся без попечения родителей, жилыми помещениями специализированного жилищного фонда" | B41: 01 | C41: 04 | D41: 04 3 01 | I41: =I42 -> 10.7 | K41: 0 | L41: 0
A42: Осуществление государственных полномочий Республики Мордовия по обеспечению детей-сирот и детей, оставшихся без попечения родителей, лиц из числа детей-сирот и детей, оставшихся без попечения родителей, жилыми помещениями специализированного жилищного фонда | B42: 01 | C42: 04 | D42: 04 3 01 Z0820 | I42: =I43 -> 10.7 | K42: 0 | L42: 0
A43: Расходы на выплаты персоналу в целях обеспечения выполнения функций государственными (муниципальными) органами, казенными учреждениями, органами управления государственными внебюджетными фондами | B43: 01 | C43: 04 | D43: 04 3 01 Z0820 | H43: 100 | I43: =I44 -> 10.7 | K43: 0 | L43: 0
A44: Расходы на выплаты персоналу государственных (муниципальных) органов | B44: 01 | C44: 04 | D44: 04 3 01 Z0820 | H44: 120 | I44: ='ведомст 7'!L38 -> 10.7 | K44: 0 | L44: 0
A45: Муниципальная программа Большеигнатовского муниципального района "Цифровая трансформация Большеигнатовского муниципального района Республики Мордовия на 2021-2024 годы" | B45: 01 | C45: 04 | D45: 18 0 | I45: =I47+I51+I56+I60 -> 276 | J45: =J47+J51+J56+J60 -> 137 | K45: =K47+K51+K56+K60 -> 216 | L45: =L47+L51+L56+L60 -> 216
A46: Подпрограмма "Информационная инфраструктура" | B46: 01 | C46: 04 | D46: 18 1 | I46: =I47 -> 222.2 | J46: =J47 -> 0 | K46: =K47 -> 127 | L46: =L47 -> 127
A47: Основное мероприятие "Создание, развитие и эксплуатация структурированных кабельных сетей (локально вычислительных сетей) и телекоммуникационных сервисов в местах размещения органов местного самоуправления" | B47: 01 | C47: 04 | D47: 18 1 01 | I47: =I48 -> 222.2 | J47: =J48 -> 0 | K47: =K48 -> 127 | L47: =L48 -> 127
A48: Мероприятия в области формирования информационного общества | B48: 01 | C48: 04 | D48: 18 1 01 42070 | I48: =I49 -> 222.2 | J48: =J49 -> 0 | K48: =K49 -> 127 | L48: =L49 -> 127
A49: Закупка товаров, работ и услуг для обеспечения государственных (муниципальных) нужд | B49: 01 | C49: 04 | D49: 18 1 01 42070 | H49: 200 | I49: =I50 -> 222.2 | J49: =J50 -> 0 | K49: =K50 -> 127 | L49: =L50 -> 127
A50: Иные закупки товаров, работ и услуг для обеспечения государственных (муниципальных) нужд | B50: 01 | C50: 04 | D50: 18 1 01 42070 | H50: 240 | I50: =127+60+35.2 -> 222.2 | K50: 127 | L50: 127
A51: Подпрограмма "Информационная безопасность" | B51: 01 | C51: 04 | D51: 18 2 | I51: =I53 -> 53.8 | J51: =J53 -> 93 | K51: =K53 -> 89 | L51: =L53 -> 89
A52: Основное мероприятие "Аттестация объектов информатизации на соответствие требованиям по защите информации" | B52: 01 | C52: 04 | D52: 18 2 01 | I52: =I53 -> 53.8 | J52: =J53 -> 93 | K52: =K53 -> 89 | L52: =L53 -> 89
A53: Мероприятия в области формирования информационного общества | B53: 01 | C53: 04 | D53: 18 2 01 42070 | I53: =I54 -> 53.8 | J53: =J54 -> 93 | K53: =K54 -> 89 | L53: =L54 -> 89
A54: Закупка товаров, работ и услуг для обеспечения государственных (муниципальных) нужд | B54: 01 | C54: 04 | D54: 18 2 01 42070 | H54: 200 | I54: =I55 -> 53.8 | J54: =J55 -> 93 | K54: =K55 -> 89 | L54: =L55 -> 89
A55: Иные закупки товаров, работ и услуг для обеспечения государственных (муниципальных) нужд | B55: 01 | C55: 04 | D55: 18 2 01 42070 | H55: 240 | I55: =89-35.2 -> 53.8 | J55: 93 | K55: 89 | L55: 89
A56: Основное мероприятие" Аттестация объектов информатизации на соответствие требованиям по защите информации" | B56: 01 | C56: 04 | D56: 18 0 03 | I56: =I57 -> 0 | J56: =J57 -> 20 | K56: =K57 -> 0 | L56: =L57 -> 0
A57: Мероприятия в области формирования информационного общества | B57: 01 | C57: 04 | D57: 18 0 03 42070 | I57: =I58 -> 0 | J57: =J58 -> 20 | K57: =K58 -> 0 | L57: =L58 -> 0
A58: Закупка товаров, работ и услуг для обеспечения государственных (муниципальных) нужд | B58: 01 | C58: 04 | D58: 18 0 03 42070 | H58: 200 | I58: =I59 -> 0 | J58: =J59 -> 20 | K58: =K59 -> 0 | L58: =L59 -> 0
A59: Иные закупки товаров, работ и услуг для обеспечения государственных (муниципальных) нужд | B59: 01 | C59: 04 | D59: 18 0 03 42070 | H59: 240 | I59: 0 | J59: 20 | K59: 0 | L59: 0
A60: Основное мероприятие "Развитие локальных вычислительных сетей" | B60: 01 | C60: 04 | D60: 18 0 05 | I60: =I61 -> 0 | J60: =J61 -> 24 | K60: =K61 -> 0 | L60: =L61 -> 0
A61: Мероприятия в области формирования информационного общества | B61: 01 | C61: 04 | D61: 18 0 05 42070 | I61: =I62 -> 0 | J61: =J62 -> 24 | K61: =K62 -> 0 | L61: =L62 -> 0
A62: Закупка товаров, работ и услуг для обеспечения государственных (муниципальных) нужд | B62: 01 | C62: 04 | D62: 18 0 05 42070 | H62: 200 | I62: =I63 -> 0 | J62: =J63 -> 24 | K62: =K63 -> 0 | L62: =L63 -> 0
A63: Иные закупки товаров, работ и услуг для обеспечения государственных (муниципальных) нужд | B63: 01 | C63: 04 | D63: 18 0 05 42070 | H63: 240 | I63: 0 | J63: 24 | K63: 0 | L63: 0
A64: Муниципальная программа по социальной профилактике правонарушений на территории Большеигнатовского муниципального района на 2015 - 2023 годы" | B64: 01 | C64: 04 | D64: 19 0 | I64: =I65 -> 85.7 | J64: =J65 -> 0 | K64: =K65 -> 85.6 | L64: =L65 -> 85.6
A65: Подпрограмма "Совершенствование и развитие взаимодействия между органами государственной власти и местного самоуправления в сфере обеспечения единства правового пространства" на 2015 - 2023 годы" | B65: 01 | C65: 04 | D65: 19 1 | I65: =I66 -> 85.7 | J65: =J66 -> 0 | K65: =K66 -> 85.6 | L65: =L66 -> 85.6
A66: Основное мероприятие "Мероприятия по профилактике правонарушений несовершеннолетних и преступлений, совершенных против них" | B66: 01 | C66: 04 | D66: 19 1 01 | I66: =I73+I70+I69 -> 85.7 | J66: =J73+J70+J69 -> 0 | K66: =K73+K70+K69 -> 85.6 | L66: =L73+L70+L69 -> 85.6
A67: Осуществление государственных полномочий Республики Мордовия по профилактике безнадзорности и правонарушений несовершеннолетних, защите прав и законных интересов детей и подростков, предусмотренных Законом Республики Мордовия от 30 марта 2005 года № 26-З "Об организации деятельности комиссий по делам несовершеннолетних и защите их прав в Республике Мордовия" | B67: 01 | C67: 04 | D67: 19 1 01 77030 | I67: =I68 -> 83.8 | J67: =J68 -> 0 | K67: =K68 -> 83.8 | L67: =L68 -> 83.8
A68: Расходы на выплаты персоналу в целях обеспечения выполнения функций государственными (муниципальными) органами, казенными учреждениями, органами управления государственными внебюджетными фондами | B68: 01 | C68: 04 | D68: 19 1 01 77030 | H68: 100 | I68: =I69 -> 83.8 | J68: =J69 -> 0 | K68: =K69 -> 83.8 | L68: =L69 -> 83.8
A69: Расходы на выплаты персоналу государственных (муниципальных) органов | B69: 01 | C69: 04 | D69: 19 1 01 77030 | H69: 120 | I69: 83.8 | K69: 83.8 | L69: 83.8
A70: Осуществление государственных полномочий Республики Мордовия по определению перечня должностных лиц, уполномоченных составлять протоколы об административных правонарушениях, предусмотренных Законом Республики Мордовия от 15 июня 2015 года № 38-З "Об административной ответственности на территории Республики Мордовия" | B70: 01 | C70: 04 | D70: 19 1 01 77150 | I70: =I71 -> 1.9 | J70: =J71 -> 0 | K70: =K71 -> 1.8 | L70: =L71 -> 1.8
A71: Закупка товаров, работ и услуг для обеспечения государственных (муниципальных) нужд | B71: 01 | C71: 04 | D71: 19 1 01 77150 | H71: 200 | I71: =I72 -> 1.9 | J71: =J72 -> 0 | K71: =K72 -> 1.8 | L71: =L72 -> 1.8
A72: Иные закупки товаров, работ и услуг для обеспечения государственных (муниципальных) нужд | B72: 01 | C72: 04 | D72: 19 1 01 77150 | H72: 240 | I72: 1.9 | K72: 1.8 | L72: 1.8
A73: Осуществление государственных полномочий Республики Мордовия по профилактике безнадзорности и правонарушений несовершеннолетних, защите прав и законных интересов детей и подростков, предусмотренных Законом Республики Мордовия от 30 марта 2005 года № 26-З "Об организации деятельности комиссий по делам несовершеннолетних и защите их прав в Республике Мордовия" | B73: 01 | C73: 04 | D73: 19 1 01 77030 | I73: =I74 -> 0 | J73: =J74 -> 0 | K73: =K74 -> 0 | L73: =L74 -> 0
A74: Расходы на выплаты персоналу в целях обеспечения выполнения функций государственными (муниципальными) органами, казенными учреждениями, органами управления государственными внебюджетными фондами | B74: 01 | C74: 04 | D74: 19 1 01 77030 | H74: 100 | I74: =I75 -> 0 | J74: =J75 -> 0 | K74: =K75 -> 0 | L74: =L75 -> 0
A75: Расходы на выплаты персоналу государственных (муниципальных) органов | B75: 01 | C75: 04 | D75: 19 1 01 77030 | H75: 120
A76: Фонд оплаты труда государственных (муниципальных) органов | B76: 01 | C76: 04 | D76: 19 1 01 77530 | H76: 121 | I76: 63.7 | K76: 63.8 | L76: 63.9
A77: Взносы по обязательному социальному страхованию на выплаты денежного содержания и иные выплаты работникам государственных (муниципальных) органов | B77: 01 | C77: 04 | D77: 19 1 01 77530 | H77: 129 | I77: 19.2 | K77: 19.2 | L77: 19.3
A78: Обеспечение деятельности Администрации Большеигнатовского муниципального района Республики Мордовия | B78: 01 | C78: 04 | D78: 65 0 | I78: =I79 -> 11060.9 | J78: =J79 -> #REF! | K78: =K79 -> 6372.1 | L78: =L79 -> 7986
A79: Непрограмные расходы в рамках обеспечения деятельности Администрации Большеигнатовского муниципального района Республики Мордовия | B79: 01 | C79: 04 | D79: 65 2 | I79: =I80+I83+I96 -> 11060.9 | J79: =J80+J83+J96 -> #REF! | K79: =K80+K83+K96 -> 6372.1 | L79: =L80+L83+L96 -> 7986
A80: Расходы на выплаты по оплате труда работников местного самоуправления | B80: 01 | C80: 04 | D80: 65 2 00 41110 | I80: =I81 -> 9632.1 | J80: =J81 -> #REF! | K80: =K81 -> 5279.8 | L80: =L81 -> 6874.9
A81: Расходы на выплаты персоналу в целях обеспечения выполнения функций государственными (муниципальными) органами, казенными учреждениями, органами управления государственными внебюджетными фондами | B81: 01 | C81: 04 | D81: 65 2 00 41110 | H81: 100 | I81: =I82 -> 9632.1 | J81: =J82 -> #REF! | K81: =K82 -> 5279.8 | L81: =L82 -> 6874.9
A82: Расходы на выплаты персоналу государственных (муниципальных) органов | B82: 01 | C82: 04 | D82: 65 2 00 41110 | H82: 120 | I82: ='ведомст 7'!L76+'ведомст 7'!L577 -> 9632.1 | J82: =#REF!+#REF! -> #REF! | K82: =9275.6-3976.6-19.2 -> 5279.8 | L82: =9163.6-2288.6-0.1 -> 6874.9
A83: Расходы на обеспечение функций органов местного самоуправления | B83: 01 | C83: 04 | D83: 65 2 00 41120 | I83: =I84+I88+I91 -> 1370.6 | J83: =J84+J88+J91 -> 0 | K83: =K84+K88+K91 -> 1034 | L83: =L84+L88+L91 -> 1052.7
A84: Расходы на выплаты персоналу в целях обеспечения выполнения функций государственными (муниципальными) органами, казенными учреждениями, органами управления государственными внебюджетными фондами | B84: 01 | C84: 04 | D84: 65 2 00 41120 | H84: 100 | I84: =I85 -> 291.2 | J84: =J85 -> 0 | K84: =K85 -> 320.2 | L84: =L85 -> 320.2
A85: Расходы на выплаты персоналу государственных (муниципальных) органов | B85: 01 | C85: 04 | D85: 65 2 00 41120 | H85: 120 | I85: ='ведомст 7'!L79 -> 291.2 | J85: =J86+J87 -> 0 | K85: =K86+K87 -> 320.2 | L85: =L86+L87 -> 320.2
A86: Иные выплаты персоналу государственных (муниципальных) органов, за исключением фонда оплаты труда | B86: 01 | C86: 04 | D86: 65 2 00 41120 | H86: 122 | I86: 196.4 | K86: 197.2 | L86: 197.2
A87: Иные выплаты,за исключением фонда оплаты труда государственных (муниципальных) органов, лицам,привлекаемым согласно законодательству для выполнения отдельных полномочий | B87: 01 | C87: 04 | D87: 65 2 00 41120 | H87: 123 | I87: 123.8 | K87: 123 | L87: 123
A88: Закупка товаров, работ и услуг для обеспечения государственных (муниципальных) нужд | B88: 01 | C88: 04 | D88: 65 2 00 41120 | H88: 200 | I88: =I89 -> 936.8 | J88: =J89 -> 0 | K88: =K89 -> 698.9 | L88: =L89 -> 717.6
A89: Иные закупки товаров, работ и услуг для обеспечения государственных (муниципальных) нужд | B89: 01 | C89: 04 | D89: 65 2 00 41120 | H89: 240 | I89: =594.2-361.7+0.2+16.5-60+200+501.2+150+1+30.8+0.2+0.1-50-49.3-10-26.4 -> 936.8 | K89: =708.9+0.1-3-0.7-6.4 -> 698.9 | L89: =708.9-15.9+31.8-0.7-6.5 -> 717.6 | M89: -10
A90: Прочая закупка товаров, работ и услуг | B90: 01 | C90: 04 | D90: 65 2 00 41120 | H90: 244 | I90: =2294.5+48.6-260-107.2+41.4+367.2-76.9+4.2 -> 2311.8 | K90: =1540.2+54-1000 -> 594.2 | L90: =1654.9+54-1000 -> 708.9
A91: Иные бюджетные ассигнования | B91: 01 | C91: 04 | D91: 65 2 00 41120 | H91: 800 | I91: =I92 -> 142.6 | J91: =J92 -> 0 | K91: =K92 -> 14.9 | L91: =L92 -> 14.9
A92: Уплата налогов, сборов и иных платежей | B92: 01 | C92: 04 | D92: 65 2 00 41120 | H92: 850 | I92: ='ведомст 7'!L86+'ведомст 7'!L585 -> 142.6 | J92: =J93+J94+J95 -> 0 | K92: =K93+K94+K95 -> 14.9 | L92: =L93+L94+L95 -> 14.9
A93: Уплата налога на имущество организаций и земельного налога | B93: 01 | C93: 04 | D93: 65 2 00 41120 | H93: 851 | K93: 3.9 | L93: 3.9
A94: Уплата прочих налогов, сборов и иных платежей | B94: 01 | C94: 04 | D94: 65 2 00 41120 | H94: 852 | I94: 0 | K94: 0 | L94: 0
A95: Уплата иных платежей | B95: 01 | C95: 04 | D95: 65 2 00 41120 | H95: 853 | I95: =11+3+0.9 -> 14.9 | K95: 11 | L95: 11
A96: Осуществление государственных полномочий Республики Мордовия по созданию, материально-техническому и организационному обеспечению деятельности административных комиссий | B96: 01 | C96: 04 | D96: 65 2 00 77020 | I96: =I97 -> 58.2 | J96: =J97 -> 0 | K96: =K97 -> 58.3 | L96: =L97 -> 58.4
A97: Расходы на выплаты персоналу в целях обеспечения выполнения функций государственными (муниципальными) органами, казенными учреждениями, органами управления государственными внебюджетными фондами | B97: 01 | C97: 04 | D97: 65 2 00 77020 | H97: 100 | I97: =I98 -> 58.2 | J97: =J98 -> 0 | K97: =K98 -> 58.3 | L97: =L98 -> 58.4
A98: Расходы на выплаты персоналу государственных (муниципальных) органов | B98: 01 | C98: 04 | D98: 65 2 00 77020 | H98: 120 | I98: 58.2 | K98: 58.3 | L98: 58.4
A99: Фонд оплаты труда государственных (муниципальных) органов | B99: 01 | C99: 04 | D99: 65 2 00 77020 | H99: 121 | I99: 44.7 | K99: 44.8 | L99: 44.9
A100: Взносы по обязательному социальному страхованию на выплаты денежного содержания и иные выплаты работникам государственных (муниципальных) органов | B100: 01 | C100: 04 | D100: 65 2 00 77020 | H100: 129 | I100: 13.5 | K100: 13.5 | L100: 13.4
A101: Непрограммные расходы главных распорядителей бюджетных средств местного бюджета | B101: 01 | C101: 04 | D101: 89 0 | I101: =I102 -> 145.5 | J101: =J102 -> 0 | K101: =K102 -> 138.7 | L101: =L102 -> 138.3
A102: Непрограммные расходы в рамках обеспечения деятельности главных распорядителей бюджетных средств местного бюджета | B102: 01 | C102: 04 | D102: 89 1 | I102: =I107+I112+I117+I121+I103 -> 145.5 | J102: =J107+J112+J117+J121+J103 -> 0 | K102: =K107+K112+K117+K121+K103 -> 138.7 | L102: =L107+L112+L117+L121+L103 -> 138.3
...

Sheet ведомст 7
D1: Приложение 7
B2: к Проекту решения Совета депутатов Большеигнатовского муниципального района Республики Мордовия | D2: к решению Совета депутатов
B3: Большеигнатовского муниципального района
A4: «О бюджете Большеигнатовского муниципального района
B5: Республики Мордовия на 2021 год и плановый период 2022 и 2023 годов"
F7: от 02.11.2021 г № 24
A9: Ведомственная структура расходов бюджета Большеигнатовского | O9: 900
A10: муниципального района Республики Мордовия на 2021 год и на плановый период 2022 и 2023 годов
A13: Наименование | B13: Адм | C13: Рз | D13: ПРз | E13: ЦСР | I13: ВР | J13: сумма | K13: 2015 год | L13: 2021 год | M13: 2022 год | N13: 2023
K14: сумма
A15: 1 | B15: 2 | C15: 3 | D15: 4 | E15: 5 | I15: 6 | L15: 8 | M15: 9 | N15: 9
A16: ВСЕГО | K16: =K17+K435 -> #REF! | L16: =L17+L435+L556 -> 254264.01 | M16: =M17+M435+M556 -> 121659.6 | N16: =N17+N435+N556 -> 101151.6
A17: Администрация Большеигнатовского муниципального района Республики Мордовия | B17: 900 | K17: =K18+K217+K236+K329+K388+K428 -> #REF! | L17: =L18+L217+L236+L328+L371+L388+L427 -> 131394.72 | M17: =M18+M217+M236+M328+M371+M388+M427 -> 51077.9 | N17: =N18+N217+N236+N328+N371+N388+N427 -> 34009.7
A18: Общегосударственные вопросы | B18: 900 | C18: 01 | K18: =K26+K126+K138 -> #REF! | L18: =L19+L27+L120+L138+L144+L127 -> 17119.2 | M18: =M19+M27+M120+M138+M144 -> 10883.3 | N18: =N19+N27+N120+N138+N144 -> 12571.2
A19: Функционирование высшего должностного лица субъекта Российской Федерации и муниципального образования | B19: 900 | C19: 01 | D19: 02 | L19: =L20 -> 1064.3 | M19: =M20 -> 1219.3 | N19: =N20 -> 1219.3
A20: Обеспечение деятельности Администрации Большеигнатовского муниципального района Республики Мордовия | B20: 900 | C20: 01 | D20: 02 | E20: 65 0 | K20: =#REF! -> #REF! | L20: =L21 -> 1064.3 | M20: =M21 -> 1219.3 | N20: =N21 -> 1219.3
A21: Глава Большеигнатовского муниципального района Республики Мордовия | B21: 900 | C21: 01 | D21: 02 | E21: 65 1 00 | L21: =L22 -> 1064.3 | M21: =M22 -> 1219.3 | N21: =N22 -> 1219.3
A22: Расходы на выплаты по оплате труда высшего должностного лица | B22: 900 | C22: 01 | D22: 02 | E22: 65 1 00 41150 | L22: =L25+L26 -> 1064.3 | M22: =M25+M26 -> 1219.3 | N22: =N25+N26 -> 1219.3
A23: Расходы на выплаты персоналу в целях обеспечения выполнения функций государственными (муниципальными) органами, казенными учреждениями, органами управления государственными внебюджетными фондами | B23: 900 | C23: 01 | D23: 02 | E23: 65 1 00 41150 | I23: 100 | L23: =L24 -> 1064.3 | M23: =M24 -> 1219.3 | N23: =N24 -> 1219.3
A24: Расходы на выплаты персоналу государственных (муниципальных) органов | B24: 900 | C24: 01 | D24: 02 | E24: 65 1 00 41150 | I24: 120 | L24: =L25+L26 -> 1064.3 | M24: =M25+M26 -> 1219.3 | N24: =N25+N26 -> 1219.3
A25: Фонд оплаты труда государственных (муниципальных) органов | B25: 900 | C25: 01 | D25: 02 | E25: 65 1 00 41150 | I25: 121 | L25: =924.6+12-150-5 -> 781.6 | M25: 936.6 | N25: =924.6+12 -> 936.6 | Q25: -150
A26: Взносы по обязательному социальному страхованию на выплаты денежного содержания и иные выплаты работникам государственных (муниципальных) органов | B26: 900 | C26: 01 | D26: 02 | E26: 65 1 00 41150 | I26: 129 | L26: =279.2+3.5 -> 282.7 | M26: 282.7 | N26: =279.2+3.5 -> 282.7
A27: Функционирование Правительства Российской Федерации, высших исполнительных органов государственной власти субъектов Российской Федерации, местных администраций | B27: 900 | C27: 01 | D27: 04 | L27: =L28+L39+L58+L72+L95+L33 -> 10077.9 | M27: =M28+M39+M58+M72+M95 -> 5404.5 | N27: =N28+N39+N58+N72+N95 -> 7015.1
A28: Муниципальная программа «Развитие муниципальной службы в Большеигнатовском муниципальном районе(2015-2024 годы)» | B28: 900 | C28: 01 | D28: 04 | E28: 01 0 | L28: =L29 -> 25 | M28: =M29 -> 25 | N28: =N29 -> 25
A29: Основное мероприятие "Повышение квалификации муниципальных служащих" | B29: 900 | C29: 01 | D29: 04 | E29: 01 0 01 | L29: =L30 -> 25 | M29: =M30 -> 25 | N29: =N30 -> 25
A30: Подготовка, переподготовка и повышение квалификации кадров | B30: 900 | C30: 01 | D30: 04 | E30: 01 0 01 41250 | L30: =L31 -> 25 | M30: =M31 -> 25 | N30: =N31 -> 25
A31: Расходы на выплаты персоналу в целях обеспечения выполнения функций государственными (муниципальными) органами, казенными учреждениями, органами управления государственными внебюджетными фондами | B31: 900 | C31: 01 | D31: 04 | E31: 01 0 01 41250 | I31: 100 | L31: =L32 -> 25 | M31: =M32 -> 25 | N31: =N32 -> 25
A32: Расходы на выплаты персоналу государственных (муниципальных) органов | B32: 900 | C32: 01 | D32: 04 | E32: 01 0 01 41250 | I32: 120 | L32: 25 | M32: 25 | N32: 25
A33: Муниципальная программа "Жилище" на 2015-2023 годы по Большеигнатовскому муниципальному району Республики Мордовия | B33: 900 | C33: 01 | D33: 04 | E33: 04 0 | L33: =L34 -> 10.7 | M33: 0 | N33: 0
A34: Подпрограмма «Обеспечение детей-сирот и детей, оставшихся без попечения родителей, лиц из числа детей-сирот и детей, оставшихся без попечения родителей, жилыми помещениями специализированного жилищного фонда» | B34: 900 | C34: 01 | D34: 04 | E34: 04 3 00 | L34: =L35 -> 10.7 | M34: 0 | N34: 0
A35: Основное мероприятие "Обеспечение жильем детей- сирот, оставшихся без попечения родителей, лиц из числа детей-сирот и детей, оставшихся без попечения родителей, жилыми помещениями специализированного жилищного фонда" | B35: 900 | C35: 01 | D35: 04 | E35: 04 3 01 | L35: =L36 -> 10.7 | M35: 0 | N35: 0
A36: Осуществление государственных полномочий Республики Мордовия по обеспечению детей-сирот и детей, оставшихся без попечения родителей, лиц из числа детей-сирот и детей, оставшихся без попечения родителей, жилыми помещениями специализированного жилищного фонда | B36: 900 | C36: 01 | D36: 04 | E36: 04 3 01 Z0820 | L36: =L37 -> 10.7 | M36: 0 | N36: 0
A37: Расходы на выплаты персоналу в целях обеспечения выполнения функций государственными (муниципальными) органами, казенными учреждениями, органами управления государственными внебюджетными фондами | B37: 900 | C37: 01 | D37: 04 | E37: 04 3 01 Z0820 | I37: 100 | L37: =L38 -> 10.7 | M37: 0 | N37: 0
A38: Расходы на выплаты персоналу государственных (муниципальных) органов | B38: 900 | C38: 01 | D38: 04 | E38: 04 3 01 Z0820 | I38: 120 | L38: 10.7 | M38: 0 | N38: 0
A39: Муниципальная программа Большеигнатовского муниципального района "Цифровая трансформация Большеигнатовского муниципального района Республики Мордовия на 2021-2024 годы" | B39: 900 | C39: 01 | D39: 04 | E39: 18 0 | L39: =L43+L48+L52+L56 -> 276 | M39: =M43+M48+M52+M56 -> 216 | N39: =N43+N48+N52+N56 -> 216
A40: Подпрограмма "Информационная инфраструктура" | B40: 900 | C40: 01 | D40: 04 | E40: 18 1
A41: Основное мероприятие "Создание, развитие и эксплуатация структурированных кабельных сетей (локально вычислительных сетей) и телекоммуникационных сервисов в местах размещения органов местного самоуправления" | B41: 900 | C41: 01 | D41: 04 | E41: 18 1 01 | L41: =L42 -> 222.2 | M41: =M42 -> 127 | N41: =N42 -> 127
A42: Мероприятия в области формирования информационного общества | B42: 900 | C42: 01 | D42: 04 | E42: 18 1 01 42070 | L42: =L43 -> 222.2 | M42: =M43 -> 127 | N42: =N43 -> 127
A43: Закупка товаров, работ и услуг для обеспечения государственных (муниципальных) нужд | B43: 900 | C43: 01 | D43: 04 | E43: 18 1 01 42070 | I43: 200 | L43: =L44 -> 222.2 | M43: =M44 -> 127 | N43: =N44 -> 127
A44: Иные закупки товаров, работ и услуг для обеспечения государственных (муниципальных) нужд | B44: 900 | C44: 01 | D44: 04 | E44: 18 1 01 42070 | I44: 240 | L44: =127+60+35.2 -> 222.2 | M44: 127 | N44: 127
A45: Подпрограмма "Информационная безопасность" | B45: 900 | C45: 01 | D45: 04 | E45: 18 2 | L45: =L46 -> 53.8 | M45: =M46 -> 89 | N45: =N46 -> 89
A46: Основное мероприятие "Аттестация объектов информатизации на соответствие требованиям по защите информации" | B46: 900 | C46: 01 | D46: 04 | E46: 18 2 01 | L46: =L47 -> 53.8 | M46: =M47 -> 89 | N46: =N47 -> 89
A47: Мероприятия в области формирования информационного общества | B47: 900 | C47: 01 | D47: 04 | E47: 18 2 01 42070 | L47: =L48 -> 53.8 | M47: =M48 -> 89 | N47: =N48 -> 89
A48: Закупка товаров, работ и услуг для обеспечения государственных (муниципальных) нужд | B48: 900 | C48: 01 | D48: 04 | E48: 18 2 01 42070 | I48: 200 | L48: =L49 -> 53.8 | M48: =M49 -> 89 | N48: =N49 -> 89
A49: Иные закупки товаров, работ и услуг для обеспечения государственных (муниципальных) нужд | B49: 900 | C49: 01 | D49: 04 | E49: 18 2 01 42070 | I49: 240 | L49: =89-35.2 -> 53.8 | M49: 89 | N49: 89
A50: Основное мероприятие" Аттестация объектов информатизации на соответствие требованиям по защите информации" | B50: 900 | C50: 01 | D50: 04 | E50: 18 0 03 | L50: =L51 -> 0 | M50: =M51 -> 0 | N50: =N51 -> 0
A51: Мероприятия в области формирования информационного общества | B51: 900 | C51: 01 | D51: 04 | E51: 18 0 03 42070 | L51: =L52 -> 0 | M51: =M52 -> 0 | N51: =N52 -> 0
A52: Закупка товаров, работ и услуг для обеспечения государственных (муниципальных) нужд | B52: 900 | C52: 01 | D52: 04 | E52: 18 0 03 42070 | I52: 200 | L52: =L53 -> 0 | M52: =M53 -> 0 | N52: =N53 -> 0
A53: Иные закупки товаров, работ и услуг для обеспечения государственных (муниципальных) нужд | B53: 900 | C53: 01 | D53: 04 | E53: 18 0 03 42070 | I53: 240
A54: Основное мероприятие "Развитие локальных вычислительных сетей" | B54: 900 | C54: 01 | D54: 04 | E54: 18 0 05 | L54: =L55 -> 0 | M54: 10 | N54: =N55 -> 0
A55: Мероприятия в области формирования информационного общества | B55: 900 | C55: 01 | D55: 04 | E55: 18 0 05 42070 | L55: =L56 -> 0 | M55: 10 | N55: =N56 -> 0
A56: Закупка товаров, работ и услуг для обеспечения государственных (муниципальных) нужд | B56: 900 | C56: 01 | D56: 04 | E56: 18 0 05 42070 | I56: 200 | L56: =L57 -> 0 | M56: =M57 -> 0 | N56: =N57 -> 0
A57: Иные закупки товаров, работ и услуг для обеспечения государственных (муниципальных) нужд | B57: 900 | C57: 01 | D57: 04 | E57: 18 0 05 42070 | I57: 240
A58: Муниципальная программа по социальной профилактике правонарушений на территории Большеигнатовского муниципального района на 2015 - 2023 годы" | B58: 900 | C58: 01 | D58: 04 | E58: 19 | L58: =L59 -> 85.7 | M58: =M59 -> 85.7 | N58: =N59 -> 85.7
A59: Подпрограмма "Совершенствование и развитие взаимодействия между органами государственной власти и местного самоуправления в сфере обеспечения единства правового пространства" на 2015 - 2023 годы" | B59: 900 | C59: 01 | D59: 04 | E59: 19 1 | L59: =L60 -> 85.7 | M59: =M60 -> 85.7 | N59: =N60 -> 85.7
A60: Основное мероприятие "Мероприятия по профилактике правонарушений несовершеннолетних и преступлений, совершенных против них" | B60: 900 | C60: 01 | D60: 04 | E60: 19 1 01 | L60: =L64+L67+L63 -> 85.7 | M60: =M64+M67+M63 -> 85.7 | N60: =N64+N67+N63 -> 85.7
A61: Осуществление государственных полномочий Республики Мордовия по профилактике безнадзорности и правонарушений несовершеннолетних, защите прав и законных интересов детей и подростков, предусмотренных Законом Республики Мордовия от 30 марта 2005 года № 26-З "Об организации деятельности комиссий по делам несовершеннолетних и защите их прав в Республике Мордовия" | B61: 900 | C61: 01 | D61: 04 | E61: 19 1 01 77030 | K61: 71.9 | L61: 83.8 | M61: 83.8 | N61: 83.8
A62: Расходы на выплаты персоналу в целях обеспечения выполнения функций государственными (муниципальными) органами, казенными учреждениями, органами управления государственными внебюджетными фондами | B62: 900 | C62: 01 | D62: 04 | E62: 19 1 01 77030 | I62: 100 | L62: 83.8 | M62: 83.8 | N62: 83.8
A63: Расходы на выплаты персоналу государственных (муниципальных) органов | B63: 900 | C63: 01 | D63: 04 | E63: 19 1 01 77030 | I63: 120 | L63: 83.8 | M63: 83.8 | N63: 83.8
A64: Осуществление государственных полномочий Республики Мордовия по определению перечня должностных лиц, уполномоченных составлять протоколы об административных правонарушениях, предусмотренных Законом Республики Мордовия от 15 июня 2015 года № 38-З "Об административной ответственности на территории Республики Мордовия" | B64: 900 | C64: 01 | D64: 04 | E64: 19 1 01 77150 | K64: =#REF! -> #REF! | L64: =L65 -> 1.9 | M64: =M65 -> 1.9 | N64: =N65 -> 1.9
A65: Закупка товаров, работ и услуг для обеспечения государственных (муниципальных) нужд | B65: 900 | C65: 01 | D65: 04 | E65: 19 1 01 77150 | I65: 200 | L65: =L66 -> 1.9 | M65: =M66 -> 1.9 | N65: =N66 -> 1.9
A66: Иные закупки товаров, работ и услуг для обеспечения государственных (муниципальных) нужд | B66: 900 | C66: 01 | D66: 04 | E66: 19 1 01 77150 | I66: 240 | L66: 1.9 | M66: 1.9 | N66: 1.9
A67: Осуществление государственных полномочий Республики Мордовия по профилактике безнадзорности и правонарушений несовершеннолетних, защите прав и законных интересов детей и подростков, предусмотренных Законом Республики Мордовия от 30 марта 2005 года № 26-З "Об организации деятельности комиссий по делам несовершеннолетних и защите их прав в Республике Мордовия" | B67: 900 | C67: 01 | D67: 04 | E67: 19 1 01 77030 | K67: =K70 -> 71.9 | L67: =L68 -> 0 | M67: =M68 -> 0 | N67: =N68 -> 0 | O67: строки перенести после строки 900 01 04 19 1 01
A68: Расходы на выплаты персоналу в целях обеспечения выполнения функций государственными (муниципальными) органами, казенными учреждениями, органами управления государственными внебюджетными фондами | B68: 900 | C68: 01 | D68: 04 | E68: 19 1 01 77030 | I68: 100 | L68: =L69 -> 0 | M68: =M69 -> 0 | N68: =N69 -> 0
A69: Расходы на выплаты персоналу государственных (муниципальных) органов | B69: 900 | C69: 01 | D69: 04 | E69: 19 1 01 77030 | I69: 120
A70: Фонд оплаты труда государственных (муниципальных) органов | B70: 900 | C70: 01 | D70: 04 | E70: 19 1 00 77530 | I70: 121 | J70: 121 | K70: 71.9 | L70: 64.4 | M70: 64.4 | N70: 64.4
A71: Взносы по обязательному социальному страхованию на выплаты денежного содержания и иные выплаты работникам государственных (муниципальных) органов | B71: 900 | C71: 01 | D71: 04 | E71: 19 1 00 77530 | I71: 129 | L71: 19.4 | M71: 19.4 | N71: 19.4
A72: Обеспечение деятельности Администрации Большеигнатовского муниципального района Республики Мордовия | B72: 900 | C72: 01 | D72: 04 | E72: 65 0 | K72: =#REF! -> #REF! | L72: =L73 -> 9535 | M72: =M73 -> 4939.1 | N72: =N73 -> 6550.1
A73: Непрограмные расходы в рамках обеспечения деятельности Администрации Большеигнатовского муниципального района Республики Мордовия | B73: 900 | C73: 01 | D73: 04 | E73: 65 2 | L73: =L74+L77+L90 -> 9535 | M73: =M74+M77+M90 -> 4939.1 | N73: =N74+N77+N90 -> 6550.1
A74: Расходы на выплаты по оплате труда работников органов местного самоуправления | B74: 900 | C74: 01 | D74: 04 | E74: 65 2 00 41110 | K74: =#REF! -> #REF! | L74: =L75 -> 8132.7 | M74: =M75 -> 3900.2 | N74: =N75 -> 5492.3
A75: Расходы на выплаты персоналу в целях обеспечения выполнения функций государственными (муниципальными) органами, казенными учреждениями, органами управления государственными внебюджетными фондами | B75: 900 | C75: 01 | D75: 04 | E75: 65 2 00 41110 | I75: 100 | L75: =L76 -> 8132.7 | M75: =M76 -> 3900.2 | N75: =N76 -> 5492.3
A76: Расходы на выплаты персоналу государственных (муниципальных) органов | B76: 900 | C76: 01 | D76: 04 | E76: 65 2 00 41110 | I76: 120 | L76: =8400.7-50-100-74.2-43.8 -> 8132.7 | M76: =7893-3973.6-19.2 -> 3900.2 | N76: =7781-2288.6-0.1 -> 5492.3
A77: Расходы на обеспечение функций органов местного самоуправления | B77: 900 | C77: 01 | D77: 04 | E77: 65 2 00 41120 | L77: =L78+L82+L85 -> 1344.1 | M77: =M78+M82+M85 -> 980.6 | N77: =N78+N82+N85 -> 999.4
A78: Расходы на выплаты персоналу в целях обеспечения выполнения функций государственными (муниципальными) органами, казенными учреждениями, органами управления государственными внебюджетными фондами | B78: 900 | C78: 01 | D78: 04 | E78: 65 2 00 41120 | I78: 100 | L78: =L79 -> 291.2 | M78: =M79 -> 320.2 | N78: =N79 -> 320.2
A79: Расходы на выплаты персоналу государственных (муниципальных) органов | B79: 900 | C79: 01 | D79: 04 | E79: 65 2 00 41120 | I79: 120 | L79: =L80+L81 -> 291.2 | M79: =M80+M81 -> 320.2 | N79: =N80+N81 -> 320.2 | Q79: -29
A80: Иные выплаты персоналу государственных (муниципальных) органов, за исключением фонда оплаты труда | B80: 900 | C80: 01 | D80: 04 | E80: 65 2 00 41120 | I80: 122 | L80: 197.2 | M80: 197.2 | N80: =193.6+3.6 -> 197.2
A81: Иные выплаты,за исключением фонда оплаты труда государственных (муниципальных) органов, лицам,привлекаемым согласно законодательству для выполнения отдельных полномочий | B81: 900 | C81: 01 | D81: 04 | E81: 65 2 00 41120 | I81: 123 | K81: =#REF! -> #REF! | L81: =123-29 -> 94 | M81: 123 | N81: 123 | Q81: -29
A82: Закупка товаров, работ и услуг для обеспечения государственных (муниципальных) нужд | B82: 900 | C82: 01 | D82: 04 | E82: 65 2 00 41120 | I82: 200 | L82: =L83 -> 933.8 | M82: =M83 -> 645.5 | N82: =N83 -> 664.3
A83: Иные закупки товаров, работ и услуг для обеспечения государственных (муниципальных) нужд | B83: 900 | C83: 01 | D83: 04 | E83: 65 2 00 41120 | I83: 240 | L83: =L84 -> 933.8 | M83: =654.9-3-6.4 -> 645.5 | N83: =N84-6.5 -> 664.3
A84: Прочая закупка товаров, работ и услуг | B84: 900 | C84: 01 | D84: 04 | E84: 65 2 00 41120 | I84: 244 | L84: =2521.8-981.6-1000-361.5-16.5+33+500-58.8+200+150+0.9+1+30.8+0.1-50-10-25.4 -> 933.8 | M84: 654.9 | N84: =2521.8-866.9-1000+15.9 -> 670.8 | O84: СТРОКУ УДАЛИТЬ
A85: Иные бюджетные ассигнования | B85: 900 | C85: 01 | D85: 04 | E85: 65 2 00 41120 | I85: 800 | L85: =L86 -> 119.1 | M85: =M86 -> 14.9 | N85: =N86 -> 14.9
A86: Уплата налогов, сборов и иных платежей | B86: 900 | C86: 01 | D86: 04 | E86: 65 2 00 41120 | I86: 850 | L86: =L87+L88+L89+50+28.8+25.4 -> 119.1 | M86: =M87+M88+M89 -> 14.9 | N86: =N87+N88+N89 -> 14.9 | Q86: 28.8
A87: Уплата налога на имущество организаций и земельного налога | B87: 900 | C87: 01 | D87: 04 | E87: 65 2 00 41120 | I87: 851 | L87: 3.9 | M87: 3.9 | N87: 3.9
A88: Уплата прочих налогов, сборов и иных платежей | B88: 900 | C88: 01 | D88: 04 | E88: 65 2 00 41120 | I88: 852 | L88: 0 | M88: 0 | N88: 0
A89: Уплата иных платежей | B89: 900 | C89: 01 | D89: 04 | E89: 65 2 00 41120 | I89: 853 | L89: 11 | M89: 11 | N89: 11
A90: Осуществление государственных полномочий Республики Мордовия по созданию, материально-техническому и организационному обеспечению деятельности административных комиссий | B90: 900 | C90: 01 | D90: 04 | E90: 65 2 00 77020 | K90: 74.6 | L90: =L91 -> 58.2 | M90: =M91 -> 58.3 | N90: =N91 -> 58.4
A91: Расходы на выплаты персоналу в целях обеспечения выполнения функций государственными (муниципальными) органами, казенными учреждениями, органами управления государственными внебюджетными фондами | B91: 900 | C91: 01 | D91: 04 | E91: 65 2 00 77020 | I91: 100 | L91: =L92 -> 58.2 | M91: =M92 -> 58.3 | N91: =N92 -> 58.4
A92: Расходы на выплаты персоналу государственных (муниципальных) органов | B92: 900 | C92: 01 | D92: 04 | E92: 65 2 00 77020 | I92: 120 | L92: =L93+L94 -> 58.2 | M92: =M93+M94 -> 58.3 | N92: =N93+N94 -> 58.4
A93: Фонд оплаты труда государственных (муниципальных) органов | B93: 900 | C93: 01 | D93: 04 | E93: 65 2 00 77020 | I93: 121 | K93: 74.6 | L93: 44.7 | M93: 44.8 | N93: 44.9
A94: Взносы по обязательному социальному страхованию на выплаты денежного содержания и иные выплаты работникам государственных (муниципальных) органов | B94: 900 | C94: 01 | D94: 04 | E94: 65 2 00 77020 | I94: 129 | L94: 13.5 | M94: 13.5 | N94: =13.4+0.1 -> 13.5
A95: Непрограммные расходы главных распорядителей бюджетных средств местного бюджета | B95: 900 | C95: 01 | D95: 04 | E95: 89 0 | L95: =L96 -> 145.5 | M95: =M96 -> 138.7 | N95: =N96 -> 138.3
A96: Непрограммные расходы в рамках обеспечения деятельности главных распорядителей бюджетных средств местного бюджета | B96: 900 | C96: 01 | D96: 04 | E96: 89 1 | L96: =L102+L107+L112+L116+L97 -> 145.5 | M96: =M102+M107+M112+M116+M97 -> 138.7 | N96: =N102+N107+N112+N116+N97 -> 138.3
A97: Осуществление государственных полномочий Республики Мордовия по установлению регулируемых тарифов на перевозки пассажиров и багажа автомобильным транспортом и городским наземным электрическим транспортом по муниципальным маршрутам регулярных перевозок в границах соответствующего муниципального образования | B97: 900 | C97: 01 | D97: 04 | E97: 89 1 00 77230 | L97: =L98 -> 19.5 | M97: =M98 -> 19.5 | N97: =N98 -> 19.5
A98: Расходы на выплаты персоналу в целях обеспечения выполнения функций государственными (муниципальными) органами, казенными учреждениями, органами управления государственными внебюджетными фондами | B98: 900 | C98: 01 | D98: 04 | E98: 89 1 00 77230 | I98: 100 | L98: =L99 -> 19.5 | M98: =M99 -> 19.5 | N98: =N99 -> 19.5
A99: Расходы на выплаты персоналу государственных (муниципальных) органов | B99: 900 | C99: 01 | D99: 04 | E99: 89 1 00 77230 | I99: 120 | L99: 19.5 | M99: 19.5 | N99: 19.5
A101: Осуществление государственных полномочий Республики Мордовия по хранению, комплектованию, учету и использованию архивных документов, находящихся в собственности Республики Мордовия и хранящихся в муниципальных архивах | B101: 900 | C101: 01 | D101: 04 | E101: 89 1 00 77510 | K101: =K104 -> 22.8 | L101: =L102 -> 47.8 | M101: =M102 -> 47.6 | N101: =N102 -> 47.1
A102: Расходы на выплаты персоналу в целях обеспечения выполнения функций государственными (муниципальными) органами, казенными учреждениями, органами управления государственными внебюджетными фондами | B102: 900 | C102: 01 | D102: 04 | E102: 89 1 00 77510 | I102: 100 | L102: =L103 -> 47.8 | M102: =M103 -> 47.6 | N102: =N103 -> 47.1
A103: Расходы на выплаты персоналу государственных (муниципальных) органов | B103: 900 | C103: 01 | D103: 04 | E103: 89 1 00 77510 | I103: 120 | L103: =L104+L105 -> 47.8 | M103: =M104+M105 -> 47.6 | N103: =N104+N105 -> 47.1
A104: Фонд оплаты труда государственных (муниципальных) органов | B104: 900 | C104: 01 | D104: 04 | E104: 89 1 00 77510 | I104: 121 | K104: 22.8 | L104: 36.7 | M104: 36.5 | N104: 36.2 | O104: СТРОКИ УДАЛИТЬ
A105: Взносы по обязательному социальному страхованию на выплаты денежного содержания и иные выплаты работникам государственных (муниципальных) органов | B105: 900 | C105: 01 | D105: 04 | E105: 89 1 00 77510 | I105: 129 | L105: 11.1 | M105: 11.1 | N105: 10.9
...

Sheet прил 8
E2: Приложение 8
C3: к проекту решения Совета депутатов Большеигнатовского
D4: к решению Совета депутатов
C5: Большеигнатовского муниципального района Республики Мордовия
B6: «О бюджете Большеигнатовского муниципального района
A7: Республики Мордовия на 2021 год и плановый период 2022 и 2023 годов"
A9: от 02.11.2021 года № 24
A10: Распределение бюджетных ассигнований бюджета Большеигнатовского муниципального района по целевым статьям (государственным программам, муниципальным программам и непрограммным направлениям деятельности), группам (группам и подгруппам) видов расходов классификации расходов бюджетов, а также по разделам и подразделам классификации расходов бюджета Большеигнатовского муниципального района на 2021 год и на плановый период 2022 и 2023 годов
A11: тыс.руб.
A12: Наименование | B12: ЦСР | F12: ВР | G12: Рз | H12: ПРз | I12: Адм | J12: 2021 год | K12: 2017 год | L12: 2022 год | M12: 2023 год
A13: 1 | B13: 2 | G13: 3 | H13: 4 | I13: 5 | J13: 6 | L13: 7 | M13: 8
A14: Всего | J14: =J16+J32+J185+J200+J243+J316+J324+J332+J365+J386+J422+J481+J536+J566+J594+J655+J663+J679+J719-13+2.6-6.7+3.2 -> 254264.01 | K14: =K16+K32+K185+K200+K243+K316+K324+K332+K365+K386+K422+K481+K536+K566+K594+K655+K663+K679+K719 -> #REF! | L14: =L16+L32+L185+L200+L243+L316+L324+L332+L365+L386+L422+L481+L536+L566+L594+L655+L663+L679+L719-1+1034.9-33.9-1001.1 -> 121659.6 | M14: =M16+M32+M185+M200+M243+M316+M324+M332+M365+M386+M422+M481+M536+M566+M594+M655+M663+M679+M719-97.8+1001.5-0.4+99.8+0.1-1001.1 -> 101151.6
N15: пустую строку удалить
A16: Муниципальная программа «Развитие муниципальной службы в Большеигнатовском муниципальном районе(2015-2024 годы)» | B16: 01 0 | J16: =J17 -> 30 | K16: =K17 -> 0 | L16: =L17 -> 30 | M16: =M17 -> 30
A17: Основное мероприятие "Повышение квалификации муниципальных служащих" | B17: 01 0 01 | J17: =J18 -> 30 | K17: =K18 -> 0 | L17: =L18 -> 30 | M17: =M18 -> 30
A18: Подготовка, переподготовка и повышение квалификации кадров | B18: 01 0 01 41250 | J18: =J19 -> 30 | K18: =K19 -> 0 | L18: =L19 -> 30 | M18: =M19 -> 30
A19: Расходы на выплаты персоналу в целях обеспечения выполнения функций государственными (муниципальными) органами, казенными учреждениями, органами управления государственными внебюджетными фондами | B19: 01 0 01 41250 | F19: 100 | J19: =J20 -> 30 | K19: =K20 -> 0 | L19: =L20 -> 30 | M19: =M20 -> 30
A20: Расходы на выплаты персоналу государственных (муниципальных) органов | B20: 01 0 01 41250 | F20: 120 | J20: =J21 -> 30 | K20: =K21 -> 0 | L20: =L21 -> 30 | M20: =M21 -> 30
A21: Общегосударственные вопросы | B21: 01 0 01 41250 | F21: 120 | G21: 01 | J21: =J22+J31 -> 30 | K21: =K22+K31 -> 0 | L21: =L22+L31 -> 30 | M21: =M22+M31 -> 30
A22: Функционирование Правительства Российской Федерации, высших исполнительных органов государственной власти субъектов Российской Федерации, местных администраций | B22: 01 0 01 41250 | F22: 120 | G22: 01 | H22: 04 | J22: =J23+J24+J25 -> 28 | K22: =K23+K24+K25 -> 0 | L22: =L23+L24+L25 -> 28 | M22: =M23+M24+M25 -> 28
A23: Администрация Большеигнатовского муниципального района Республики Мордовия | B23: 01 0 01 41250 | F23: 120 | G23: 01 | H23: 04 | I23: 900 | J23: 25 | L23: 25 | M23: 25
A25: Управление по социальной работе Администрации Большеигнатовского муниципального района Республики Мордовия | B25: 01 0 01 41250 | F25: 120 | G25: 01 | H25: 04 | I25: 926 | J25: 3 | L25: 3 | M25: 3
A26: Подготовка, переподготовка и повышение квалификации кадров | B26: 01 0 01 41250 | J26: =J27 -> 2 | K26: =K27 -> 0 | L26: =L27 -> 2 | M26: =M27 -> 2
A27: Расходы на выплаты персоналу в целях обеспечения выполнения функций государственными (муниципальными) органами, казенными учреждениями, органами управления государственными внебюджетными фондами | B27: 01 0 01 41250 | F27: 100 | J27: =J28 -> 2 | K27: =K28 -> 0 | L27: =L28 -> 2 | M27: =M28 -> 2
A28: Расходы на выплаты персоналу государственных (муниципальных) органов | B28: 01 0 01 41250 | F28: 120 | J28: =J29 -> 2 | K28: =K29 -> 0 | L28: =L29 -> 2 | M28: =M29 -> 2
A29: Общегосударственные вопросы | B29: 01 0 01 41250 | F29: 120 | G29: 01 | J29: =J30 -> 2 | K29: =K30 -> 0 | L29: =L30 -> 2 | M29: =M30 -> 2
A30: Обеспечение деятельности финансовых, налоговых и таможенных органов и органов финансового (финансово-бюджетного) надзора | B30: 01 0 01 41250 | F30: 120 | G30: 01 | H30: 06 | J30: =J31 -> 2 | K30: =K31 -> 0 | L30: =L31 -> 2 | M30: =M31 -> 2
A31: Финансовое управление Администрации Большеигнатовского муниципального района Республики Мордовия | B31: 01 0 01 41250 | F31: 120 | G31: 01 | H31: 06 | I31: 901 | J31: 2 | L31: 2 | M31: 2
A32: Муниципальная программа «Развитие образования в Большеигнатовском муниципальном районе Республики Мордовия на 2015-2025 годы" | B32: 02 0 | J32: =J33+J137+J166 -> 83567.893 | K32: =K33+K137+K166 -> 50292.2 | L32: =L33+L137+L166 -> 59281.6 | M32: =M33+M137+M166 -> 56334.3
A33: Подпрограмма "Развитие системы дошкольного, общего и дополнительного образования детей в Большеигнатовском муниципальном районе РМ на 2015-2025 г." | B33: 02 1 | J33: =J34+J47+J96+J123+J109+J136 -> 78786.593 | K33: =K34+K47+K96+K123 -> 45819.6 | L33: =L34+L47+L96+L123+L109 -> 54676.1 | M33: =M34+M47+M96+M123+M109 -> 51728.7
A34: Основное мероприятие «Развитие дошкольного образования» | B34: 02 1 01 | J34: =J35+J41 -> 8249.8 | K34: =K35+K41 -> 5343.2 | L34: =L35+L41 -> 5343.2 | M34: =M35+M41 -> 4859.8
A35: Дошкольные образовательные организации | B35: 02 1 01 61100 | J35: =J36 -> 1877.7 | K35: =K36 -> 748.8 | L35: =L36 -> 748.8 | M35: =M36 -> 748.8
A36: Предоставление субсидий бюджетным, автономным учреждениям и иным некоммерческим организациям | B36: 02 1 01 61100 | F36: 600 | J36: =J37 -> 1877.7 | K36: =K37 -> 748.8 | L36: =L37 -> 748.8 | M36: =M37 -> 748.8
A37: Субсидии бюджетным учреждениям | B37: 02 1 01 61100 | F37: 610 | J37: =J38 -> 1877.7 | K37: =K38 -> 748.8 | L37: =L38 -> 748.8 | M37: =M38 -> 748.8
A38: Образование | B38: 02 1 01 61100 | F38: 610 | G38: 07 | J38: =J39 -> 1877.7 | K38: =K39 -> 748.8 | L38: =L39 -> 748.8 | M38: =M39 -> 748.8
A39: Дошкольное образование | B39: 02 1 01 61100 | F39: 610 | G39: 07 | H39: 01 | J39: =J40 -> 1877.7 | K39: =K40 -> 748.8 | L39: =L40 -> 748.8 | M39: =M40 -> 748.8
A40: Управление по социальной работе Администрации Большеигнатовского муниципального района Республики Мордовия | B40: 02 1 01 61100 | F40: 610 | G40: 07 | H40: 01 | I40: 926 | J40: ='ведомст 7'!L629 -> 1877.7 | K40: ='ведомст 7'!M629 -> 748.8 | L40: ='ведомст 7'!N629 -> 748.8 | M40: ='ведомст 7'!N629 -> 748.8
A41: Осуществление государственных полномочий Республики Мордовия по обеспечению государственных гарантий реализации прав на получение общедоступного и бесплатного дошкольного образования в муниципальных дошкольных образовательных организациях, в муниципальных общеобразовательных организациях, включая расходы на оплату труда, приобретение учебников и учебных пособий, средств обучения, игр, игрушек (за исключением расходов на содержание зданий и оплату коммунальных услуг) | B41: 02 1 01 77090 | J41: =J42 -> 6372.1 | K41: =K42 -> 4594.4 | L41: =L42 -> 4594.4 | M41: =M42 -> 4111
A42: Предоставление субсидий бюджетным, автономным учреждениям и иным некоммерческим организациям | B42: 02 1 01 77090 | F42: 600 | J42: =J43 -> 6372.1 | K42: =K43 -> 4594.4 | L42: =L43 -> 4594.4 | M42: =M43 -> 4111
A43: Субсидии бюджетным учреждениям | B43: 02 1 01 77090 | F43: 610 | J43: =J44 -> 6372.1 | K43: =K44 -> 4594.4 | L43: =L44 -> 4594.4 | M43: =M44 -> 4111
A44: Образование | B44: 02 1 01 77090 | F44: 610 | G44: 07 | J44: =J45 -> 6372.1 | K44: =K45 -> 4594.4 | L44: =L45 -> 4594.4 | M44: =M45 -> 4111
A45: Дошкольное образование | B45: 02 1 01 77090 | F45: 610 | G45: 07 | H45: 01 | J45: =J46 -> 6372.1 | K45: =K46 -> 4594.4 | L45: =L46 -> 4594.4 | M45: =M46 -> 4111
A46: Управление по социальной работе Администрации Большеигнатовского муниципального района Республики Мордовия | B46: 02 1 01 77090 | F46: 610 | G46: 07 | H46: 01 | I46: 926 | J46: ='ведомст 7'!L632 -> 6372.1 | K46: ='ведомст 7'!M632 -> 4594.4 | L46: ='ведомст 7'!M632 -> 4594.4 | M46: ='ведомст 7'!N632 -> 4111
A47: Основное мероприятие «Развитие общего образования» | B47: 02 1 02 | J47: =J66+J72+J78+J54+J84+J65+J48+J95 -> 62696.193 | K47: =K66+K72+K78+K54+K84+K65 -> 40476.4 | L47: =L66+L72+L78+L54+L84+L65 -> 45298.8 | M47: =M66+M72+M78+M54+M84+M65 -> 40306.4
A48: Мероприятия в области образования | B48: 02 1 02 42240 | J48: =J49 -> 600 | K48: =K49 -> 0 | L48: =L49 -> 0 | M48: =M49 -> 0
A49: Предоставление субсидий бюджетным, автономным учреждениям и иным некоммерческим организациям | B49: 02 1 02 42470 | F49: 600 | J49: =J50 -> 600 | K49: =K50 -> 0 | L49: =L50 -> 0 | M49: =M50 -> 0
A50: Субсидии бюджетным учреждениям | B50: 02 1 02 42470 | F50: 610 | J50: =J51 -> 600 | K50: =K51 -> 0 | L50: =L51 -> 0 | M50: =M51 -> 0
A51: Образование | B51: 02 1 02 42470 | F51: 610 | G51: 07 | J51: =J52 -> 600 | K51: =K52 -> 0 | L51: =L52 -> 0 | M51: =M52 -> 0
A52: Общее образование | B52: 02 1 02 42470 | F52: 610 | G52: 07 | H52: 02 | J52: =J53 -> 600 | K52: =K53 -> 0 | L52: =L53 -> 0 | M52: =M53 -> 0
A53: Управление по социальной работе Администрации Большеигнатовского муниципального района Республики Мордовия | B53: 02 1 02 42470 | F53: 610 | G53: 07 | H53: 02 | I53: 926 | J53: ='ведомст 7'!L639 -> 600 | L53: ='ведомст 7'!M639 -> 0 | M53: ='ведомст 7'!N639 -> 0
A54: Организация предоставления бесплатного питания обучающимся с ограниченными возможностями здоровья в муниципальных образовательных организациях, в том числе в случае обучения по медицинским показаниям на дому | B54: 02 1 02 42470 | J54: =J55 -> 150 | K54: =K55 -> 0 | L54: =L55 -> 100 | M54: =M55 -> 100
A55: Предоставление субсидий бюджетным, автономным учреждениям и иным некоммерческим организациям | B55: 02 1 02 42470 | F55: 600 | J55: =J56 -> 150 | K55: =K56 -> 0 | L55: =L56 -> 100 | M55: =M56 -> 100
A56: Субсидии бюджетным учреждениям | B56: 02 1 02 42470 | F56: 610 | J56: =J57 -> 150 | K56: =K57 -> 0 | L56: =L57 -> 100 | M56: =M57 -> 100
A57: Образование | B57: 02 1 02 42470 | F57: 610 | G57: 07 | J57: =J58 -> 150 | K57: =K58 -> 0 | L57: =L58 -> 100 | M57: =M58 -> 100
A58: Общее образование | B58: 02 1 02 42470 | F58: 610 | G58: 07 | H58: 02 | J58: =J59 -> 150 | K58: =K59 -> 0 | L58: =L59 -> 100 | M58: =M59 -> 100
A59: Управление по социальной работе Администрации Большеигнатовского муниципального района Республики Мордовия | B59: 02 1 02 42470 | F59: 610 | G59: 07 | H59: 02 | I59: 926 | J59: =100+50 -> 150 | L59: 100 | M59: 100
A60: Обеспечение выплат ежемесячного денежного вознаграждения за классное руководство педагогическим работникам муниципальных образовательных организаций | B60: 021 02 53030 | J60: =J61 -> 3437.3 | K60: =K61 -> 0 | L60: =L61 -> 3437.3 | M60: =M61 -> 3437.3
A61: Предоставление субсидий бюджетным, автономным учреждениям и иным некоммерческим организациям | B61: 021 02 53030 | F61: 600 | J61: =J62 -> 3437.3 | K61: =K62 -> 0 | L61: =L62 -> 3437.3 | M61: =M62 -> 3437.3
A62: Субсидии бюджетным учреждениям | B62: 021 02 53030 | F62: 610 | J62: =J63 -> 3437.3 | K62: =K63 -> 0 | L62: =L63 -> 3437.3 | M62: =M63 -> 3437.3
A63: Образование | B63: 021 02 53030 | F63: 610 | G63: 07 | J63: =J64 -> 3437.3 | K63: =K64 -> 0 | L63: =L64 -> 3437.3 | M63: =M64 -> 3437.3
A64: Общее образование | B64: 021 02 53030 | F64: 610 | G64: 07 | H64: 02 | J64: =J65 -> 3437.3 | K64: =K65 -> 0 | L64: =L65 -> 3437.3 | M64: =M65 -> 3437.3
A65: Управление по социальной работе Администрации Большеигнатовского муниципального района Республики Мордовия | B65: 021 02 53030 | F65: 610 | G65: 07 | H65: 02 | I65: 926 | J65: 3437.3 | L65: ='ведомст 7'!M645 -> 3437.3 | M65: ='ведомст 7'!N645 -> 3437.3
A66: Школы-детские сады, школы начальные, неполные средние и средние | B66: 02 1 02 61090 | J66: =J67 -> 8380.5 | K66: =K67 -> 4398 | L66: =L67 -> 4398 | M66: =M67 -> 1897.3
A67: Предоставление субсидий бюджетным, автономным учреждениям и иным некоммерческим организациям | B67: 02 1 02 61090 | F67: 600 | J67: =J68 -> 8380.5 | K67: =K68 -> 4398 | L67: =L68 -> 4398 | M67: =M68 -> 1897.3
A68: Субсидии бюджетным учреждениям | B68: 02 1 02 61090 | F68: 610 | J68: =J69 -> 8380.5 | K68: =K69 -> 4398 | L68: =L69 -> 4398 | M68: =M69 -> 1897.3
A69: Образование | B69: 02 1 02 61090 | F69: 610 | G69: 07 | J69: =J70 -> 8380.5 | K69: =K70 -> 4398 | L69: =L70 -> 4398 | M69: =M70 -> 1897.3
A70: Общее образование | B70: 02 1 02 61090 | F70: 610 | G70: 07 | H70: 02 | J70: =J71 -> 8380.5 | K70: =K71 -> 4398 | L70: =L71 -> 4398 | M70: =M71 -> 1897.3
A71: Управление по социальной работе Администрации Большеигнатовского муниципального района Республики Мордовия | B71: 02 1 02 61090 | F71: 610 | G71: 07 | H71: 02 | I71: 926 | J71: ='ведомст 7'!L648 -> 8380.5 | K71: ='ведомст 7'!M648 -> 4398 | L71: ='ведомст 7'!M648 -> 4398 | M71: ='ведомст 7'!N648 -> 1897.3
A72: Осуществление государственных полномочий Республики Мордовия по организации предоставления обучающимся в муниципальных общеобразовательных организациях Республики Мордовия из малоимущих семей питания с освобождением от оплаты его стоимости | B72: 02 1 02 77070 | J72: =J73 -> 2271.3 | K72: =K73 -> 2424 | L72: =L73 -> 2424 | M72: =M73 -> 2518.9
A73: Предоставление субсидий бюджетным, автономным учреждениям и иным некоммерческим организациям | B73: 02 1 02 77070 | F73: 600 | J73: =J74 -> 2271.3 | K73: =K74 -> 2424 | L73: =L74 -> 2424 | M73: =M74 -> 2518.9
A74: Субсидии бюджетным учреждениям | B74: 02 1 02 77070 | F74: 610 | J74: =J75 -> 2271.3 | K74: =K75 -> 2424 | L74: =L75 -> 2424 | M74: =M75 -> 2518.9
A75: Социальная политика | B75: 02 1 02 77070 | F75: 610 | G75: 10 | J75: =J76 -> 2271.3 | K75: =K76 -> 2424 | L75: =L76 -> 2424 | M75: =M76 -> 2518.9
A76: Социальное обеспечение населения | B76: 02 1 02 77070 | F76: 610 | G76: 10 | H76: 03 | J76: =J77 -> 2271.3 | K76: =K77 -> 2424 | L76: =L77 -> 2424 | M76: =M77 -> 2518.9
A77: Управление по социальной работе Администрации Большеигнатовского муниципального района Республики Мордовия | B77: 02 1 02 77070 | F77: 610 | G77: 10 | H77: 03 | I77: 926 | J77: ='ведомст 7'!L764 -> 2271.3 | K77: ='ведомст 7'!M764 -> 2424 | L77: ='ведомст 7'!M764 -> 2424 | M77: ='ведомст 7'!N764 -> 2518.9
A78: Осуществление государственных полномочий Республики Мордовия по обеспечению государственных гарантий реализации прав на получение общедоступного и бесплатного начального общего, основного общего, среднего общего образования в муниципальных общеобразовательных организациях, обеспечение дополнительного образования детей в муниципальных общеобразовательных организациях, включая расходы на оплату труда, приобретение учебников и учебных пособий, средств обучения, игр, игрушек (за исключением расходов на содержание зданий и оплату коммунальных услуг) | B78: 02 1 02 77080 | J78: =J79 -> 44807.8 | K78: =K79 -> 33654.4 | L78: =L79 -> 33654.4 | M78: =M79 -> 31103
A79: Предоставление субсидий бюджетным, автономным учреждениям и иным некоммерческим организациям | B79: 02 1 02 77080 | F79: 600 | J79: =J80 -> 44807.8 | K79: =K80 -> 33654.4 | L79: =L80 -> 33654.4 | M79: =M80 -> 31103
A80: Субсидии бюджетным учреждениям | B80: 02 1 02 77080 | F80: 610 | J80: =J81 -> 44807.8 | K80: =K81 -> 33654.4 | L80: =L81 -> 33654.4 | M80: =M81 -> 31103
A81: Образование | B81: 02 1 02 77080 | F81: 610 | G81: 07 | J81: =J82 -> 44807.8 | K81: =K82 -> 33654.4 | L81: =L82 -> 33654.4 | M81: =M82 -> 31103
A82: Общее образование | B82: 02 1 02 77080 | F82: 610 | G82: 07 | H82: 02 | J82: =J83 -> 44807.8 | K82: =K83 -> 33654.4 | L82: =L83 -> 33654.4 | M82: =M83 -> 31103
A83: Управление по социальной работе Администрации Большеигнатовского муниципального района Республики Мордовия | B83: 02 1 02 77080 | F83: 610 | G83: 07 | H83: 02 | I83: 926 | J83: ='ведомст 7'!L651 -> 44807.8 | K83: ='ведомст 7'!M651 -> 33654.4 | L83: ='ведомст 7'!M651 -> 33654.4 | M83: ='ведомст 7'!N651 -> 31103
A84: Организация бесплатного горячего питания обучающихся, получающих начальное общее образование в муниципальных образовательных организациях | B84: 02 1 02 L3040 | J84: =J85 -> 1221.1 | L84: =L85 -> 1285.1 | M84: =M85 -> 1249.9
A85: Предоставление субсидий бюджетным, автономным учреждениям и иным некоммерческим организациям | B85: 02 1 02 L3040 | F85: 600 | J85: =J86 -> 1221.1 | L85: =L86 -> 1285.1 | M85: =M86 -> 1249.9
A86: Субсидии бюджетным учреждениям | B86: 02 1 02 L3040 | F86: 610 | J86: =J87 -> 1221.1 | L86: =L87 -> 1285.1 | M86: =M87 -> 1249.9
A87: Образование | B87: 02 1 02 L3040 | F87: 610 | G87: 07 | J87: =J88 -> 1221.1 | L87: =L88 -> 1285.1 | M87: =M88 -> 1249.9
A88: Общее образование | B88: 02 1 02 L3040 | F88: 610 | G88: 07 | H88: 02 | J88: =J89 -> 1221.1 | L88: =L89 -> 1285.1 | M88: =M89 -> 1249.9
A89: Управление по социальной работе Администрации Большеигнатовского муниципального района Республики Мордовия | B89: 02 1 02 L3040 | F89: 610 | G89: 07 | H89: 02 | I89: 926 | J89: ='ведомст 7'!L654 -> 1221.1 | K89: ='ведомст 7'!M654 -> 1285.1 | L89: ='ведомст 7'!M654 -> 1285.1 | M89: ='ведомст 7'!N654 -> 1249.9
A90: Укрепление материально-технической базы общеобразовательных организаций | B90: 02 1 02 S6050 | J90: =J91 -> 1828.193 | L90: 0 | M90: 0
A91: Предоставление субсидий бюджетным, автономным учреждениям и иным некоммерческим организациям | B91: 02 1 02 S6050 | F91: 600 | J91: =J92 -> 1828.193 | L91: 0 | M91: 0
A92: Субсидии бюджетным учреждениям | B92: 02 1 02 S6050 | F92: 610 | J92: =J93 -> 1828.193 | L92: 0 | M92: 0
A93: Образование | B93: 02 1 02 S6050 | F93: 610 | G93: 07 | J93: =J94 -> 1828.193 | L93: 0 | M93: 0
A94: Общее образование | B94: 02 1 02 S6050 | F94: 610 | G94: 07 | H94: 02 | J94: =J95 -> 1828.193 | L94: 0 | M94: 0
A95: Управление по социальной работе Администрации Большеигнатовского муниципального района Республики Мордовия | B95: 02 1 02 S6050 | F95: 610 | G95: 07 | H95: 02 | I95: 926 | J95: ='ведомст 7'!L657 -> 1828.193 | L95: 0 | M95: 0
A96: Основное мероприятие «Развитие дополнительного образования детей» | B96: 02 1 03 | J96: =J97+J103+J116 -> 6890.6 | K96: =K97+K103 -> 0 | L96: =L97+L103 -> 3574.1 | M96: =M97+M103 -> 6102.5
A97: Условно утвержденные расходы | B97: 02 1 03 41990 | J97: =J98 -> 0 | K97: =K98 -> 0 | L97: =L98 -> 2560 | M97: =M98 -> 5030
A98: Иные бюджетные ассигнования | B98: 02 1 03 41990 | F98: 800 | J98: =J99 -> 0 | K98: =K99 -> 0 | L98: =L99 -> 2560 | M98: =M99 -> 5030
A99: Резервные средства | B99: 02 1 03 41990 | F99: 870 | J99: =J100 -> 0 | K99: =K100 -> 0 | L99: =L100 -> 2560 | M99: =M100 -> 5030
A100: Условно утвержденные расходы | B100: 02 1 03 41990 | F100: 870 | G100: 99 | J100: =J101 -> 0 | K100: =K101 -> 0 | L100: =L101 -> 2560 | M100: =M101 -> 5030
A101: Условно утвержденные расходы | B101: 02 1 03 41990 | F101: 870 | G101: 99 | H101: 99 | J101: =J102 -> 0 | K101: =K102 -> 0 | L101: =L102 -> 2560 | M101: =M102 -> 5030
A102: Управление по социальной работе Администрации Большеигнатовского муниципального района Республики Мордовия | B102: 02 1 03 41990 | F102: 870 | G102: 99 | H102: 99 | I102: 926 | J102: 0 | L102: ='ведомст 7'!M789 -> 2560 | M102: ='ведомст 7'!N789 -> 5030
A103: Учреждения по внешкольной работе с детьми | B103: 02 1 03 61080 | J103: =J104 -> 6890.6 | K103: =K104 -> 0 | L103: =L104 -> 1014.1 | M103: =M104 -> 1072.5
...

Sheet источн.10
C3: Приложение10
B5: к решению Совета депутатов Большеигнатовского муниципального района
B6: района Республики Мордовия
B7: «О бюджете Большеигнатовского муниципального района
A8: Республики Мордовия на 2021 год и плановый период 2022 и 2023 годов"
B10: от 02.11.2021 г № 24
A12: Источники внутреннего финансирования дефицита бюджета Большеигнатовского муниципального района Республики Мордовия на 2021 год и на плановый период 2022 и 2023 годов
A14: Код | B14: Наименование | C14: 2021 год | E14: 2022 год | F14: 2023 год
A17: 1 | B17: 2 | C17: 4
A18: 000 01 00 00 00 00 0000 000 | B18: ИСТОЧНИКИ ВНУТРЕННЕГО ФИНАНСИРОВАНИЯ ДЕФИЦИТА БЮДЖЕТА | C18: =C31+C29+C40 -> 4186.8 | D18: =D31+D40+D30 -> 0 | E18: =E31+E40+E30 -> 224.8 | F18: =F31+F40+F30 -> 587.7 | H18: =C18-C31 -> 2024.6 | I18: =(H18/20685.2) -> 0.097876743
A19: 000 01 02 00 00 00 0000 000 | B19: Кредиты кредитных организаций в валюте Российской Федерации | C19: 0 | E19: 0 | F19: 0
A20: 000 01 02 00 00 00 0000 700 | B20: Получение кредитов от кредитных организаций в валюте Российской Федерации | C20: 0 | E20: 0 | F20: 0
A21: 000 01 02 00 00 05 0000 710 | B21: Получение кредитов от кредитных организаций бюджетами муниципальных районов в валюте Российской Федерации | C21: 0 | E21: 0 | F21: 0
A22: 000 01 02 00 00 00 0000 800 | B22: Погашение кредитов предоставленных кредитными организациями в валюте Российской Федерации | C22: 0 | E22: 0 | F22: 0
A23: 000 01 02 00 00 05 0000 810 | B23: Погашение кредитов предоставленных бюджету муниципального района кредитными организациями в валюте Российской Федерации | C23: 0 | E23: 0 | F23: 0
A24: 000 01 03 00 00 00 0000 000 | B24: Бюджетные кредиты из других бюджетов бюджетной системы Российской Федерации | C24: =C29 -> -1537.6 | D24: =D29 -> 0 | E24: =E29 -> -875.2 | F24: =F29 -> -1312.8
A25: 000 01 03 01 00 00 0000 000 | B25: Бюджетные кредиты из других бюджетов бюджетной системы Российской Федерации в валюте Российской Федерации | C25: =C26 -> 0 | D25: =D26 -> 0 | E25: =E26 -> 0 | F25: =F26 -> 0
A26: 000 01 03 01 00 00 0000 700 | B26: Получение бюджетных кредитов из других бюджетов бюджетной системы Российской Федерации в валюте Российской Федерации | C26: =C27 -> 0 | D26: =D27 -> 0 | E26: =E27 -> 0 | F26: =F27 -> 0
A27: 000 01 03 01 00 05 0000 710 | B27: Привлечение кредитов из других бюджетов бюджетной системы Российской Федерации бюджетами городских округов в валюте Российской Федерации | C27: 0 | E27: 0 | F27: 0
A29: 000 01 03 01 00 00 0000 800 | B29: Погашение бюджетных кредитов, полученных из других бюджетов бюджетной системы Российской Федерации в валюте Российской Федерации | C29: =C30 -> -1537.6 | D29: =D30 -> 0 | E29: =E30 -> -875.2 | F29: =F30 -> -1312.8
A30: 000 01 03 01 00 05 0000 810 | B30: Погашение бюджетами муниципальных районов кредитов из других бюджетов бюджетной системы Российской Федерации в валюте Российской Федерации | C30: -1537.6 | E30: -875.2 | F30: -1312.8 | H30: 437,6+1000
A31: 000 01 05 00 00 00 0000 000 | B31: Изменение остатков средств на счетах по учету средств бюджетов | C31: =C35+C39 -> 2162.2 | D31: =D35+D39 -> 0 | E31: =E35+E39 -> 0 | F31: =F35+F39 -> 0
A32: 000 01 05 00 00 00 0000 500 | B32: Увеличение остатков средств бюджетов | C32: =C33 -> -253639.4 | D32: =D33 -> 0 | E32: =E33 -> -122534.8 | F32: =F33 -> -102464.4
A33: 000 01 05 02 00 00 0000 500 | B33: Увеличение прочих остатков средств бюджетов | C33: =C34 -> -253639.4 | D33: =D34 -> 0 | E33: =E34 -> -122534.8 | F33: =F34 -> -102464.4 | H33: 250077,2+3562,2 | I33: =250077.2+3562.2 -> 253639.4
A34: 000 01 05 02 01 00 0000 510 | B34: Увеличение прочих остатков денежных средств бюджетов | C34: =C35 -> -253639.4 | D34: =D35 -> 0 | E34: =E35 -> -122534.8 | F34: =F35 -> -102464.4
A35: 000 01 05 02 01 05 0000 510 | B35: Увеличение прочих остатков денежных средств бюджетов муниципальных районов | C35: -253639.4 | E35: -122534.8 | F35: -102464.4
A36: 000 01 05 00 00 00 0000 600 | B36: Уменьшение остатков средств бюджетов | C36: =C37 -> 255801.6 | D36: =D37 -> 0 | E36: =E37 -> 122534.8 | F36: =F37 -> 102464.4
A37: 000 01 05 02 00 00 0000 600 | B37: Уменьшение прочих остатков средств бюджетов | C37: =C38 -> 255801.6 | D37: =D38 -> 0 | E37: =E38 -> 122534.8 | F37: =F38 -> 102464.4
A38: 000 01 05 02 01 00 0000 610 | B38: Уменьшение прочих остатков денежных средств бюджетов | C38: =C39 -> 255801.6 | D38: =D39 -> 0 | E38: =E39 -> 122534.8 | F38: =F39 -> 102464.4
A39: 000 01 05 02 01 05 0000 610 | B39: Уменьшение прочих остатков денежных средств бюджетов муниципальных районов | C39: =255814-1550+1537.6 -> 255801.6 | E39: 122534.8 | F39: 102464.4 | H39: 255814,0+437,6 | I39: =255814-1000+1937.6 -> 256751.6
A40: 000 01 06 05 00 00 0000 000 | B40: Бюджетные кредиты, предоставленные внутри страны в валюте Российской Федерации | C40: =C41 -> 3562.2 | D40: =D41 -> 0 | E40: =E41 -> 1100 | F40: =F41 -> 1900.5
A41: 000 01 06 05 00 00 0000 600 | B41: Возврат бюджетных кредитов, предоставленных внутри страны в валюте Российской Федерации | C41: =C44 -> 3562.2 | D41: =D43 -> 0 | E41: 1100 | F41: 1900.5
A42: 000 01 06 05 02 00 0000 600 | B42: Возврат бюджетных кредитов, предоставленных другим бюджетам бюджетной системы Российской Федерации в валюте Российской Федерации | C42: =C43 -> 3562.2 | D42: =D43 -> 0 | E42: =E43 -> 1100 | F42: =F43 -> 1900.5
A43: 000 01 06 05 02 00 2600 640 | B43: Возврат бюджетных кредитов, предоставленных другим бюджетам бюджетной системы Российской Федерации в валюте Российской Федерации | C43: =C44 -> 3562.2 | D43: =D44 -> 0 | E43: 1100 | F43: 1900.5
A44: 000 01 06 05 02 05 0000 640 | B44: Возврат бюджетных кредитов, предоставленных другим бюджетам бюджетной системы Российской Федерации из бюджетов муниципальных районов в валюте Российской Федерации | C44: =2062.2+1500 -> 3562.2 | E44: 1100 | F44: 1900.5
A45: 000 01 06 05 00 00 2600 500 | B45: Предоставление бюджетных кредитов внутри страны в валюте Российской Федерации | C45: =C46 -> 0 | E45: 0 | F45: 0
A46: 000 01 06 05 02 05 0000 540 | B46: Предоставление бюджетных кредитов другим бюджетам бюджетной системы Российской Федерации из бюджетов муниципальных районов в валюте Российской Федерации | C46: 0 | E46: 0 | F46: 0
A47: 000 01 00 00 00 00 0000 000 | B47: Итого источников внутреннего финансирования дефицита республиканского бюджета | C47: =C18 -> 4186.8 | D47: =D18 -> 0 | E47: =E18 -> 224.8 | F47: =F18 -> 587.7
H93: =#REF!+#REF!+#REF! -> #REF!
G112: =#REF!+#REF!+#REF! -> #REF!
H131: 50-48
H135: 5
H139: 45
H159: =#REF!+#REF!+#REF!+#REF!+#REF!+#REF!+#REF!+#REF! -> #REF!
H160: =#REF!+#REF!+#REF!+#REF!+#REF!+#REF!+#REF!+#REF! -> #REF!
G173: =#REF!+#REF!+#REF! -> #REF!
H208: =#REF!+#REF!+#REF!+#REF!+#REF! -> #REF! | I208: 672,0+6,2+618,9+298,3
G225: =#REF!+#REF!+#REF!+#REF!+#REF!+#REF!+#REF!+#REF!+#REF! -> #REF!
H233: 3678,5+672,0+6,2
H234: софин на 672,0 (6,2)
H236: добавить
H254: ддт 4118,4+дюсш 6245,3+564,4= | I254: 10928.2
K300: =SUM(K281:K295) -> 0
